cohdb
Replays
Latest Replays
All Replays
Popular Replays
Top Player Replays
Match Explorer
How It Works
Community
CoH3 Stats
Reddit
Sign in to upload your games and track your stats! →
Sign in with Steam
Match 43402407
Unlisted
Match 43402407
Overview
Messages
Build Orders
End
Selects Luftwaffe Battlegroup
Selects Luftwaffe Pioneer Support
Fallschirmpioneer Squad Paradrop
Construct Infanterie Kompanie
MG 42 Machine Gun Team
Fallschirmpioneer Squad Paradrop
Construct Panzergrenadier Kompanie
Selects LG40 Recoilless Gun Paradrop
Panzergrenadier Squad
Support Elements
StuG III G Assault Gun
Panzergrenadier Squad
Panzergrenadier Officer Quarters
StuG III G Assault Gun
Misterseek
eternalmustard
ConcernedApe
Jenasaie
0
0
Comments
sign in to comment!
No comments posted yet!